cohdb
Replays
Latest Replays
All Replays
Popular Replays
Top Player Replays
Match Explorer
How It Works
Community
CoH3 Stats
Reddit
Sign in to upload your games and track your stats! →
Sign in with Steam
Match 43199826
Unlisted
Match 43199826
Overview
Messages
Build Orders
End
Construct Barracks
Riflemen Squad
Riflemen Squad
M1 Mortar Team
Grenade Package
Air Support Center
Construct Weapon Support Center
M3 Armored Personnel Carrier
Engineer Squad
Grasshopper Recon Run
Riflemen Squad
P-47 Strafing Run
M1918 Browning Automatic Rifles
P-47 Dive Bomb
Construct Motor Pool
Selects Armored Battlegroup
Selects Fast Deploy
Selects Assault Engineers
Selects Assault Engineers
Selects Field Repairs
M8 Greyhound Armored Car
Grasshopper Recon Run
M24 Chaffee Light Tank
P-47 Dive Bomb
Assault Engineer Squad
M1 Anti-tank Gun Team
P-47 Strafing Run
P-47 Dive Bomb
P-47 Strafing Run
Construct Tank Depot
Grasshopper Recon Run
.30 cal Machine Gun
P-47 Strafing Run
Selects Seek and Destroy
Selects UNKNOWN (2160077)
Selects War Machine
M4A3E8 Sherman Easy Eight
P-47 Strafing Run
P-47 Dive Bomb
P-47 Dive Bomb
M4A3E8 Sherman Easy Eight
P-47 Strafing Run
Improved Aircraft Armor
Air Supremacy
Double Sortie
Advanced Air Reconnaissance
Assault Engineer Squad
.30 cal Machine Gun
Grasshopper High-Altitude Recon Run
Arturokq
Draken
Mr Newton
cannot compute
0
0
Comments
sign in to comment!
No comments posted yet!